 Dungeon Crawl Stone Soup version 0.19.1 (webtiles) character file.

392 ChaseSP the Chiller (level 6, 0/41 HPs)
             Began as a Merfolk Ice Elementalist on Nov 29, 2016.
             Was an Initiate of Sif Muna.
             Slain by a river rat (2 damage)
             ... on level 3 of the Dungeon.
             The game lasted 00:09:14 (4719 turns).

ChaseSP the Chiller (Merfolk Ice Elementalist)      Turns: 4719, Time: 00:09:15

Health: 0/41       AC: 12    Str:  8    XL:     6   Next: 80%
Magic:  4/9        EV: 12    Int: 16    God:    Sif Muna [......]
Gold:   145        SH:  0    Dex: 15    Spells: 3 memorised, 1 level left

rFire  . . .     SeeInvis .     a - +0 trident
rCold  . . .     Gourm    .     n - +0 leather armour
rNeg   . . .     Faith    .     (no shield)
rPois  .         Spirit   .     m - +2 helmet
rElec  .         Reflect  .     (no cloak)
rCorr  .         Harm     .     (no gloves)
MR     .....                    (no boots)
Stlth  ++........               f - amulet of regeneration
                                (no ring)
                                (no ring)

@: icy armour, very slightly contaminated, slow
A: change form in water, swift swim, stealthy swim
a: Renounce Religion


You were on level 3 of the Dungeon.
You worshipped Sif Muna.
Sif Muna was noncommittal.
You were not hungry.

You visited 1 branch of the dungeon, and saw 4 of its levels.

You collected 145 gold pieces.

Inventory:

Hand Weapons
 a - a +0 trident (weapon)
 e - a +0 mace
Missiles
 h - 2 tomahawks (quivered)
Armour
 m - a +2 helmet (worn)
 n - a +0 leather armour (worn)
Jewellery
 f - an amulet of regeneration (around neck)
Scrolls
 l - 2 scrolls of identify
 o - a scroll of blinking {unknown}
 p - a scroll of fear {unknown}
Potions
 d - a potion of curing
 g - a potion of magic {unknown}
 i - a potion of degeneration {unknown}
Books
 b - a book of Frost

   Spells                             Type                      Level
   a - Freeze                         Ice                          1
   b - Throw Frost                    Conjuration/Ice              2
   c - Ozocubu's Armour               Charms/Ice                   3
   d - Throw Icicle                   Conjuration/Ice              4
   e - Summon Ice Beast               Ice/Summoning                4
Comestibles
 c - 2 bread rations
 j - a meat ration
 k - a chunk of flesh


   Skills:
 - Level 2.6 Dodging
 - Level 2.1 Stealth
 - Level 2.0 Spellcasting
 * Level 2.5 Conjurations
 + Level 3.5 Charms
 * Level 6.3 Ice Magic


You had one spell level left.
You knew the following spells:

 Your Spells              Type           Power        Failure   Level  Hunger
a - Freeze                Ice            ###.         2%          1    #......
b - Ozocubu's Armour      Chrm/Ice       ###.....     14%         3    ###....
c - Throw Icicle          Conj/Ice       ###.....     61%         4    #####..


Dungeon Overview and Level Annotations

Branches:
Dungeon (4/15)
 Temple: D:4-7

Altars:
Dithmenos
Elyvilon
Gozag
Makhleb
Sif Muna
Beogh

Shops:
D:2 *

Annotations:
D:3 Morgon's ghost, amateur DsMo


Message History

The river rat is lightly wounded.
The river rat bites you.
* * * LOW HITPOINT WARNING * * *
You closely miss the river rat.
The river rat is lightly wounded.
The river rat barely misses you. The river rat bites you.
* * * LOW HITPOINT WARNING * * *
You hit the river rat but do no damage.
The river rat is lightly wounded.
The river rat bites you.
* * * LOW HITPOINT WARNING * * *
Casting: Ozocubu's Armour
Confirm with . or Enter, or press ? or * to list all spells.
Aiming: Freeze
Press: ? - help, Shift-Dir - straight line, f - river rat
Aim: a river rat (lightly wounded)
You freeze the river rat.
The river rat is heavily wounded.
The river rat bites you.
You die...

#++##≈≈..#
#≈≈≈≈≈≈..#
#.≈≈.≈...#
#≈≈......#
#.†......# #Ss.#
#rS## #r##
#@################
#...[.............
###########.######
#.# #.# #.# #.#
#.# #.#


You could see 2 river rats, a giant cockroach and 2 ball pythons.

Vanquished Creatures
  2 orc priests (D:3)
  3 orc wizards
  Natasha (twice) (D:3)
  7 adders
  4 gnolls (D:2)
  An ooze (D:3)
  A worm (D:2)
  3 dart slugs
  3 leopard geckos (D:1)
  9 orcs (D:3)
  8 bats
  4 giant cockroaches
  9 hobgoblins
  2 jackals (D:2)
  11 kobolds
  A ball python (D:2)
  2 frilled lizards
  8 goblins
  3 rats
83 creatures vanquished.

Notes
Turn   | Place    | Note
-------+----------+-------------------------------------------
     0 | D:1      | ChaseSP the Merfolk Ice Elementalist began the quest for the Orb.
     0 | D:1      | Reached XP level 1. HP: 13/13 MP: 3/3
   158 | D:1      | Reached XP level 2. HP: 16/19 MP: 5/5
   167 | D:1      | Reached skill level 4 in Ice Magic
   895 | D:1      | Reached XP level 3. HP: 17/24 MP: 6/6
   900 | D:1      | Learned a level 3 spell: Ozocubu's Armour
  1345 | D:1      | Reached skill level 1 in Charms
  1919 | D:2      | Reached XP level 4. HP: 30/30 MP: 7/7
  1928 | D:2      | Reached skill level 5 in Ice Magic
  2327 | D:2      | Reached XP level 5. HP: 12/35 MP: 1/8
  2616 | D:2      | Learned a level 4 spell: Throw Icicle
  2663 | D:2      | Found a white marble altar of Elyvilon.
  2665 | D:2      | Found a burning altar of Makhleb.
  3083 | D:2      | Found Gozag's Platinum Reserve.
  3085 | D:2      | Found an opulent altar of Gozag.
  3090 | D:2      | Reached skill level 1 in Conjurations
  3476 | D:3      | Noticed Natasha
  3488 | D:3      | Killed Natasha
  3711 | D:3      | Found a shadowy altar of Dithmenos.
  3713 | D:3      | Found an opulent altar of Gozag.
  3716 | D:3      | Found a deep blue altar of Sif Muna.
  3722 | D:3      | Became a worshipper of Sif Muna the Loreminder
  3767 | D:3      | Noticed Morgon's ghost (amateur DsMo)
  4188 | D:3      | Found a roughly hewn altar of Beogh.
  4210 | D:3      | Reached XP level 6. HP: 15/41 MP: 2/9
  4299 | D:3      | Reached skill level 6 in Ice Magic
  4514 | D:3      | Noticed Natasha
  4526 | D:3      | Killed Natasha
  4718 | D:3      | HP: 1/41 [river rat (3)]
  4719 | D:3      | Slain by a river rat

Skill      XL: |  1  2  3  4  5  6 |
---------------+-------------------+-----
Ice Magic      | 4 5 6 |  6.3
Charms         | 1 2 3 |  3.5
Conjurations   | 1 2 |  2.5
Dodging        | |  2.6
Stealth        | |  2.1
Spellcasting   | |  2.0

Action                   |  1- 3 |  4- 6 || total
-------------------------+-------+-------++-------
Melee: Mace              |    90 |       ||    90
       Trident           |     7 |   220 ||   227
 Cast: Freeze            |    11 |    30 ||    41
       Ozocubu's Armour  |     1 |     8 ||     9
  Use: Scroll            |       |     3 ||     3
 Stab: Sleeping          |     3 |     2 ||     5
       Distracted        |     1 |     1 ||     2
  Eat: Chunk             |     4 |     6 ||    10
       Meat ration       |       |     1 ||     1
Armor: Robe              |    33 |       ||    33
       Leather armour    |     1 |   120 ||   121
Dodge: Dodged            |   113 |   193 ||   306
